 Dungeon Crawl Stone Soup version bcrawl-1.13 (webtiles) character file.

Game seed: 4631289911386873330

51 Camlann the Skirmisher (level 3, -7/29 HPs)
             Began as a Demonspawn Archaeologist on July 27, 2019.
             Mangled by Crazy Yiuf
             ... wielding a +4 quarterstaff of chaos
              (20 damage)
             ... on level 2 of the Dungeon.
             The game lasted 00:02:15 (1345 turns).

Camlann the Skirmisher (Demonspawn Archaeologist)   Turns: 1345, Time: 00:02:16

Health: -7/29      AC: 10    Str: 12    XL:     3   Next: 58%
Magic:  5/5        EV: 12    Int: 15    God:
Gold:   140        SH:  0    Dex: 11    Spells: 5/5 levels left

rFire    . . .     SeeInvis .   a - +0 whip
rCold    . . .     Gourm    .   (no shield)
rNeg     . . .     Faith    .   b - +2 robe
rPois    .         Spirit   .   c - +1 hat
rElec    .         Reflect  .   m - +0 cloak (curse)
rCorr    .         Harm     .   (no gloves)
MR       .....                  d - +1 pair of boots
Stlth    ++........             (no amulet)
HPRegen  0.09/turn              (no ring)
MPRegen  0.09/turn              (no ring)

@: lethally poisoned (-7 -> -24), studying Spellcasting
A: thin metallic scales 1, powered by death 1
a: no special abilities


You were on level 2 of the Dungeon.
You were hungry.

You visited 1 branch of the dungeon, and saw 2 of its levels.

You collected 140 gold pieces.

Inventory:

Hand Weapons
 a - a +0 whip (weapon)
Armour
 b - a +2 robe (worn)
 c - a +1 hat (worn)
 d - a +1 pair of boots (worn)
 m - a cursed +0 cloak (worn)
Jewellery
 h - an uncursed ring of fire
 k - an uncursed amulet of faith
Scrolls
 i - 3 scrolls of identify {unknown}
 j - 3 scrolls of teleportation {unknown}
 l - a scroll of amnesia {unknown}
Books
 e - a manual of Spellcasting
Miscellaneous
 f - an ancient crate
Comestibles
 g - 8 rations {!d}


   Skills:
 - Level 3.2 Fighting
 - Level 0.8 Maces & Flails
 - Level 2.6 Dodging
 - Level 3.0 Stealth
 + Level 1.5 Spellcasting


You had 5 spell levels left.
You didn't know any spells.
Your spell library was empty.

Dungeon Overview and Level Annotations

Branches:
Dungeon (2/12)

Altars:

Annotations:
D:2 Crazy Yiuf


Innate Abilities, Weirdness & Mutations

You are partially covered in thin metallic scales. (AC +2)
You regenerate a little health from kills.


Message History

g - 8 rations {!d} (gained 1)
There is an open door here.
Found a runed door.
You open the door.
Crazy Yiuf the Enlightened comes into view.
He is wielding a +4 quarterstaff of chaos.
Found a mace.
Crazy Yiuf shouts!
There is an open door here.
You are feeling hungry.
You hit Crazy Yiuf. Crazy Yiuf closely misses you.
You hit Crazy Yiuf but do no damage. Crazy Yiuf barely misses you.
You hit Crazy Yiuf.
Crazy Yiuf hits you with a +4 quarterstaff of chaos!
You are lethally poisoned!
You barely miss Crazy Yiuf.
You feel sick.
Crazy Yiuf grits, "Spliff tortoise ragdoll!"
Crazy Yiuf hits you with a +4 quarterstaff of chaos.
You are electrocuted!!
Ouch! That really hurt!
You die...

###....#........................
##...........<....##..###..#####.
.....#.####...#.......##.........
######.# ##############.####..#.
####.# #..####.##. ###....#######
#......)... #..........#.### ####
#######.#.. ............#..##...#
#.......... #..........####.@g..#
#####.####. #....#....## ###..)#
#<.....#... #....###### ####
#........## '.##.# #........#
###..# #........# #...##
##############........# #.###
#..>..................# ###
#......)....†.........#
#..................(.##


You could see Crazy Yiuf.

Vanquished Creatures
  A worker ant (D:2)
  A worm (D:2)
  4 goblins (D:1)
  2 hobgoblins
  7 kobolds
  A ball python (D:2)
  4 bats
  3 frilled lizards
  A rat (D:2)
24 creatures vanquished.

Notes
Turn   | Place    | Note
-------+----------+-------------------------------------------
     0 | D:1      | Camlann the Demonspawn Archaeologist began the quest for
                  | the Orb.
     0 | D:1      | Reached XP level 1. HP: 15/15 MP: 1/1
   265 | D:1      | Gained mutation: You regenerate a little health from kills.
                  | [demonic ancestry]
   265 | D:1      | Reached XP level 2. HP: 22/22 MP: 2/2
   952 | D:2      | Gained mutation: You are partially covered in thin metallic
                  | scales. (AC +2) [demonic ancestry]
   952 | D:2      | Reached XP level 3. HP: 27/29 MP: 3/3
  1210 | D:2      | Reached skill level 1 in Spellcasting
  1335 | D:2      | Found a runed door.
  1339 | D:2      | Noticed Crazy Yiuf
  1345 | D:2      | Mangled by Crazy Yiuf

Skill      XL: |  1  2  3 |
---------------+----------+-----
Fighting       | 2 3 |  3.2
Spellcasting   | 1 |  1.5
Maces & Flails | |  0.8
Dodging        | |  2.6
Stealth        | |  3.0

Action                   || total
-------------------------++-------
Melee: Whip              ||   123
  Use: Potion            ||     5
       Scroll            ||     1
 Stab: Sleeping          ||     4
  Eat: Chunk             ||     1
Armor: Robe              ||    26
       Skin              ||    49
Dodge: Dodged            ||    63
